 Dungeon Crawl Stone Soup version 0.22-a0-448-g1fb7470 (webtiles) character file.

8995 KristoblXynda the Covert (level 11, -6/88 HPs)
             Began as a Naga Gladiator on June 4, 2018.
             Was a Believer of Ashenzari.
             Mangled by a manticore (15 damage)
             ... on level 11 of the Dungeon.
             The game lasted 00:31:29 (12482 turns).

KristoblXynda the Covert (Naga Gladiator)          Turns: 12482, Time: 00:31:30

Health: -6/88      AC: 14    Str: 12 (15) XL:     11   Next: 39%
Magic:  14/14      EV: 10    Int: 10 (11) God:    Ashenzari [**....]
Gold:   442        SH:  0    Dex: 11 (13) Spells: 7/10 levels left

rFire    + . .     SeeInvis +   z - +4 scimitar (flame)
rCold    . . .     Gourm    .   (no shield)
rNeg     . . .     Faith    .   p - +0 leather armour {rF+}
rPois    +         Spirit   .   c - +0 helmet
rElec    .         Reflect  .   w - +1 cloak (curse)
rCorr    .         Harm     .   n - +0 pair of gloves
MR       +....                  (no barding)
Stlth    +++++.....             (no amulet)
HPRegen  0.24/turn              y - ring of wizardry (curse)
MPRegen  0.14/turn              (no ring)

@: short of breath, very slow
A: large, stinger 1, rugged brown scales 1, slimy green scales 1, see invisible,
deformed body, poison resistance, slowness 2, slow metabolism 1, spit poison 1,
weak 1, AC +3
a: Spit Poison, Curse Item, Scrying, Renounce Religion


You were on level 11 of the Dungeon.
You worshipped Ashenzari.
Ashenzari was pleased with you.
You were not hungry.

You visited 2 branches of the dungeon, and saw 12 of its levels.

You collected 565 gold pieces.
You spent 123 gold pieces at shops.

Inventory:

Hand Weapons
 o - a +4 vampiric long sword
 z - a +4 scimitar of flaming (weapon)
Missiles
 d - 3 throwing nets (quivered)
Armour
 c - a +0 helmet (worn)
 n - a +0 pair of gloves (worn)
 p - a +0 leather armour of fire resistance (worn)
 w - a cursed +1 cloak (worn)
 x - +0 ice dragon scales
Jewellery
 y - a cursed ring of wizardry (left hand)
 A - an uncursed amulet of harm
Wands
 b - a wand of enslavement (12)
 s - a wand of digging (34)
Scrolls
 e - a scroll of magic mapping
 g - 3 scrolls of fog
 l - 2 scrolls of teleportation
 m - 2 scrolls of remove curse
 r - a scroll of amnesia
Potions
 a - 2 potions of haste
 h - 7 potions of curing
 i - a potion of mutation
 j - 4 potions of flight
Comestibles
 f - 12 rations


   Skills:
 - Level 2.0 Fighting
 + Level 11.4 Long Blades
 - Level 2.0 Throwing
 + Level 7.2 Armour
 - Level 3.0 Dodging
 + Level 12.7 Stealth
 + Level 5.2 Evocations


You had 7 spell levels left.
You knew the following spells:

 Your Spells              Type           Power        Failure   Level  Hunger
a - Mephitic Cloud        Conj/Pois/Air  #.......     45%         3    ####...

Your spell library contained the following spells:

 Spells                   Type           Power        Failure   Level  Hunger
 Conjure Flame            Conj/Fire      #.......     45%         3    ####...
 Freezing Cloud           Conj/Ice/Air   #.........   100%        6    #######
 Ring of Flames           Chrm/Fire      #.........   100%        7    #######
 Poisonous Vapours        Pois/Air       #.....       26%         2    ###....


Dungeon Overview and Level Annotations

Branches:
Dungeon (11/15)            Temple (1/1) D:7            Lair (0/6) D:8
    Orc (0/2) D:9

Altars:
Ashenzari
Cheibriados
Dithmenos
Elyvilon
Fedhas
Gozag
Hepliaklqana
Kikubaaqudgha
Makhleb
Nemelex Xobeh
Okawaru
Qazlal
Ru
Sif Muna
Trog
Uskayaw
Vehumet
Wu Jian
Xom
Yredelemnul
Zin
The Shining One

Shops:
D:4 *   D:9 [

Annotations:
D:11 Tiareth's ghost, journeyman DsSk


Innate Abilities, Weirdness & Mutations

You cannot wear boots.
Your serpentine skin is tough. (AC +3)
You have supernaturally acute eyesight. (SInv)
Armour fits poorly on your strangely shaped body.
Your system is resistant to poisons. (rPois)
You cover ground very slowly.
You have a slow metabolism.
You can spit poison.
Your tail ends in a poisonous barb.
You are partially covered in rugged brown scales. (AC +1, +3% HP)
You are partially covered in slimy green scales. (AC +2)
You are weak. (Str -2)


Message History

The quasit claws you but does no damage. x2
Unknown command.
You closely miss the quasit.
Your tail-slap misses the quasit.
The quasit is severely wounded.
The quasit bites you but does no damage.
The quasit closely misses you. The quasit misses you. The manticore bites you!!
* * * LOW HITPOINT WARNING * * *
The manticore claws you!
* * * LOW HITPOINT WARNING * * *
The manticore claws you but does no damage.
You hit the manticore. You burn the manticore.
The manticore is heavily wounded.
The quasit closely misses you.
You riposte.
You miss the quasit.
The quasit is severely wounded.
The quasit barely misses you. The quasit closely misses you.
Unknown command.
Press: ? - help, Shift-Dir - straight line The splash of poison misses the manticore.
You feel slightly more hungry. The manticore bites you!
You die...

...#, #. #.......# #..#
#. ...# *#.####.......#
#..# #.
...#,,,##............#
#.. #. ...#
,.##.........)..# #.
...# ..##............#
,* #.
...#...##............#
..
.......##............#
.<.....##.......5H...###
,, *
)...............@..)....
, *
........................
*
...(..###...............
, * ......#
#.......###...##* *
....(.# #.......# *...#
, #.....# #.......# ..#
#.....# #.#####รท# ,.#
#.....# #.# #.# ,.#
#.....# #.# #.# ,, ,


You could see a manticore and a quasit.

Vanquished Creatures
  A hydra (D:11)
  Erica (D:8)
  A two-headed ogre (D:8)
  An unseen horror (D:11)
  The ghost of pk666 the Thaumaturge, a novice DEFE of Vehumet (D:6)
  A gargoyle (D:10)
  A troll (D:10)
  A hornet (D:10)
  Grinder (D:4)
  3 yaks (D:10)
  2 vampire mosquitoes (D:9)
  2 orc warriors
  Duvessa (D:7)
  4 ice beasts
  A sky beast (D:6)
  2 black bears
  A phantom (D:7)
  2 necrophages
  2 centaurs
  An ogre (D:8)
  10 bullfrogs
  A wyvern zombie (D:9)
  Dowan (D:7)
  3 scorpions
  12 killer bees
  4 wights (D:7)
  A bullfrog zombie (D:8)
  A centaur zombie (D:10)
  4 crimson imps
  An orc priest (D:6)
  5 hounds
  2 centaur skeletons
  A jelly (D:11)
  A bullfrog skeleton (D:6)
  4 iguanas
  2 gnoll shamans (D:7)
  Ijyb (D:5)
  10 orc wizards
  6 worker ants
  A hound zombie (D:11)
  A worker ant zombie (D:10)
  15 gnolls
  9 adders
  A shadow imp (D:6)
  An adder zombie (D:1)
  An adder skeleton (D:7)
  A worm (D:2)
  7 leopard geckos
  28 orcs
  6 giant cockroaches
  6 goblins
  8 hobgoblins
  22 jackals
  3 quokkas
  A ball python skeleton (D:6)
  A ball python zombie (D:1)
  6 bats
  5 frilled lizards
  A giant cockroach zombie (D:5)
  10 kobolds
  A leopard gecko skeleton (D:4)
  4 rats
239 creatures vanquished.

Notes
Turn   | Place    | Note
-------+----------+-------------------------------------------
     0 | D:1      | KristoblXynda the Naga Gladiator began the quest for the Orb.
     0 | D:1      | Reached XP level 1. HP: 19/19 MP: 1/1
   300 | D:1      | Reached XP level 2. HP: 26/26 MP: 2/2
   686 | D:1      | Reached XP level 3. HP: 32/32 MP: 3/3
  1921 | D:2      | Reached skill level 1 in Armour
  1921 | D:2      | Reached XP level 4. HP: 21/39 MP: 4/4
  2087 | D:2      | Found a basalt altar of Yredelemnul.
  2722 | D:3      | Reached XP level 5. HP: 43/45 MP: 5/5
  2732 | D:3      | Reached skill level 1 in Stealth
  2972 | D:3      | Found a shattered altar of Ashenzari.
  3069 | D:3      | Became a worshipper of Ashenzari the Shackled
  3095 | D:3      | Found a shimmering altar of Xom.
  3097 | D:3      | Found a shimmering altar of Xom.
  3105 | D:3      | Found a shimmering altar of Xom.
  3106 | D:3      | Found a shimmering altar of Xom.
  3107 | D:3      | You fall through a shaft!
  3117 | D:4      | Reached skill level 2 in Stealth
  3430 | D:4      | Found Amemn's Assorted Antiques.
  3453 | D:4      | Bought a runed long sword for 123 gold pieces
  3575 | D:4      | Reached skill level 5 in Long Blades
  3634 | D:4      | Noticed Grinder
  3696 | D:4      | Found a white marble altar of Elyvilon.
  3751 | D:4      | Reached XP level 6. HP: 43/52 MP: 6/6
  3769 | D:4      | Reached skill level 3 in Stealth
  4047 | D:4      | Killed Grinder
  4047 | D:4      | Reached skill level 4 in Stealth
  4047 | D:4      | Reached XP level 7. HP: 42/60 MP: 7/7
  4210 | D:4      | Found a sparkling altar of Nemelex Xobeh.
  4213 | D:4      | Found a shadowy altar of Dithmenos.
  4216 | D:4      | Found a radiant altar of Vehumet.
  4923 | D:5      | Entered Level 5 of the Dungeon
  5056 | D:5      | Noticed Ijyb
  5067 | D:5      | Killed Ijyb
  5294 | D:5      | Reached skill level 5 in Stealth
  5595 | D:6      | Reached XP level 8. HP: 54/67 MP: 8/8
  5703 | D:6      | Reached skill level 6 in Stealth
  6049 | D:6      | Reached skill level 7 in Stealth
  6096 | D:6      | Noticed pk666's ghost (novice DEFE)
  6187 | D:6      | Reached * piety under Ashenzari
  6251 | D:6      | Killed pk666's ghost
  6251 | D:6      | Reached skill level 8 in Stealth
  6251 | D:6      | Reached XP level 9. HP: 73/73 MP: 9/9
  6878 | D:7      | Noticed Dowan
  6880 | D:7      | Noticed Duvessa
  7095 | D:7      | Reached skill level 9 in Stealth
  7155 | D:7      | Reached skill level 5 in Armour
  7179 | D:7      | Found a staircase to the Ecumenical Temple.
  7185 | Temple   | Entered the Ecumenical Temple
  7368 | D:7      | Killed Duvessa
  7712 | D:7      | Reached skill level 10 in Long Blades
  7786 | D:7      | Found an ornate altar of the Wu Jian Council.
  7989 | D:7      | Killed Dowan
  8237 | D:8      | Found a staircase to the Lair.
  8249 | D:8      | Reached skill level 10 in Stealth
  8249 | D:8      | Reached XP level 10. HP: 73/79 MP: 10/10
  8482 | D:8      | Noticed a two-headed ogre
  8485 | D:8      | Reached skill level 1 in Evocations
  8489 | D:8      | Killed a two-headed ogre
  8527 | D:8      | Noticed Erica
  8550 | D:8      | Killed Erica
  8550 | D:8      | Reached skill level 11 in Stealth
  8892 | D:9      | Gained mutation: You are partially covered in slimy green scales. (AC +2) [potion of mutation]
  8892 | D:9      | Gained mutation: Your tail ends in a poisonous barb. [potion of mutation]
  8892 | D:9      | Gained mutation: You are weak. (Str -2) [potion of mutation]
  8892 | D:9      | Gained mutation: You are partially covered in rugged brown scales. (AC +1, +3% HP) [potion of mutation]
  8903 | D:9      | HP: 3/82 [ice beast (10)]
  9118 | D:9      | Found Oheahol's Armour Shop.
  9120 | D:9      | Found a staircase to the Orcish Mines.
  9283 | D:9      | Found a hazy altar of Hepliaklqana.
  9597 | D:10     | Entered Level 10 of the Dungeon
  9849 | D:10     | Reached XP level 11. HP: 42/88 MP: 14/14
 10086 | D:10     | Reached ** piety under Ashenzari
 10110 | D:10     | Reached skill level 12 in Stealth
 10963 | D:11     | Learned a level 3 spell: Mephitic Cloud
 11117 | D:11     | Noticed Tiareth's ghost (journeyman DsSk)
 11129 | D:11     | Found a shimmering altar of Xom.
 11684 | D:11     | Noticed a two-headed ogre
 11698 | D:11     | Noticed an unseen horror
 11737 | D:11     | Killed an unseen horror
 11737 | D:11     | Reached skill level 5 in Evocations
 12060 | D:11     | Noticed an eight-headed hydra
 12095 | D:11     | Killed a four-headed hydra
 12469 | D:11     | Noticed a manticore
 12482 | D:11     | Mangled by a manticore

Vault maps used:
D:1:      saegor_arrival_fortress, st_stairs_4, minmay_misc_feat_pillars,
          minmay_tetromino_l2
D:2:      lemuel_tele_altar
D:3:      lemuel_doored_altar, first_ration, xom_redecorated
D:4:      elyvilon_altar_1, grunt_temple_overflow_diamond, serial_shops,
          nicolae_shop_overgrown_old_shop, uniq_grinder
D:5:      uniq_ijyb
D:6:      minmay_splitting_lines
D:7:      minmay_temple_entry_nine_rooms, lemuel_statue_altar, uniq_duvessa
D:8:      lair_entry_dummy, hangedman_abyss_or_decor_lesser_grid, uniq_erica
D:9:      kennysheep_mini_moat, orc_david_3
D:11:     basic_altar
Temple:   nicolae_temple_elliptical

Skill      XL: |  1  2  3  4  5  6  7  8  9 10 11 |
---------------+----------------------------------+-----
Throwing       | 2 |  2.0
Long Blades    | 4 5 7 9 10 11 | 11.4
Armour         | 1 2 3 4 5 6 7 |  7.2
Dodging        | 3 |  3.0
Stealth        | 2 4 5 8 10 11 12 | 12.7
Evocations     | 4 5 |  5.2
Fighting       | |  2.0

Action                   |  1- 3 |  4- 6 |  7- 9 | 10-12 || total
-------------------------+-------+-------+-------+-------++-------
Melee: Long sword        |   100 |   139 |   331 |   286 ||   856
       Tailslap          |       |       |       |    24 ||    24
       Scimitar          |       |       |       |    21 ||    21
Invok: Curse Item        |       |       |     1 |     1 ||     2
 Abil: Spit Poison       |     5 |     4 |    12 |    16 ||    37
Evoke: Wand              |       |       |     3 |    11 ||    14
  Use: Scroll            |     1 |     3 |     3 |     7 ||    14
       Potion            |     1 |     1 |     1 |     8 ||    11
 Stab: Sleeping          |       |     2 |    10 |     7 ||    19
       Distracted        |       |       |       |     1 ||     1
  Eat: Chunk             |     2 |     4 |     4 |     2 ||    12
       Ration            |       |     2 |     3 |     3 ||     8
Armor: Leather armour    |    56 |     6 |   143 |   172 ||   377
       Ring mail         |       |    37 |       |       ||    37
       Skin              |       |       |       |     4 ||     4
Dodge: Dodged            |    76 |    73 |   176 |   198 ||   523
       Rpst.: Long sword |    26 |    18 |    57 |    46 ||   147
       Scimitar          |       |       |       |     3 ||     3

Table legend:
 A = Spawn XP
 B = Non-spawn XP
 C = Spawn XP percentage of total XP
 D = Spawn monster count
 E = Non-spawn monster count
 F = Spawn count percentage of total count
 G = Total turns spent on level
                    A         B        C        D         E        F      G
               +---------+---------+-------+---------+---------+-------+---------
         Total |       0 |   12850 |   0.0 |       0 |     239 |   0.0 | 12482
               +---------+---------+-------+---------+---------+-------+---------
           D:1 |       0 |      47 |   0.0 |       0 |      25 |   0.0 |  1347
           D:2 |       0 |      80 |   0.0 |       0 |      21 |   0.0 |  1039
           D:3 |       0 |      97 |   0.0 |       0 |      25 |   0.0 |  1098
           D:4 |       0 |     448 |   0.0 |       0 |      13 |   0.0 |  1439
           D:5 |       0 |     378 |   0.0 |       0 |      16 |   0.0 |   633
           D:6 |       0 |    1905 |   0.0 |       0 |      27 |   0.0 |  1015
           D:7 |       0 |    1558 |   0.0 |       0 |      49 |   0.0 |  1520
           D:8 |       0 |    2289 |   0.0 |       0 |      12 |   0.0 |   522
           D:9 |       0 |    1720 |   0.0 |       0 |      25 |   0.0 |   842
          D:10 |       0 |    1951 |   0.0 |       0 |      13 |   0.0 |  1360
          D:11 |       0 |    2377 |   0.0 |       0 |      13 |   0.0 |  1525
               +---------+---------+-------+---------+---------+-------+---------
